 Dungeon Sprint DCSS version 0.29.1-14-g9c671dbff4 (webtiles) character file.

Game seed: 7549164509176056100

16 Groucho the Ducker (level 2, 0/22 HPs)
             Began as a Felid Fighter on Feb 18, 2023.
             Was a Follower of Wu Jian.
             Slain by a phantom (6 damage)
             ... in the Dungeon (Sprint VII: "The Pits").
             The game lasted 00:00:47 (552 turns).

Groucho the Ducker (Felid Fighter)                   Turns: 552, Time: 00:00:48

Health: 0/22       AC:  1    Str: 12    XL:     2   Next: 37%
Magic:  5/5        EV: 19    Int:  9    God:    Wu Jian [*.....]
Gold:   0          SH:  0    Dex: 15    Spells: 4/4 levels left
                                        Lives:  0   Deaths: 0

rFire   . . .      SeeInvis +     - Unarmed
rCold   . . .      Faith    .   (shield unavailable)
rNeg    . . .      Spirit   .   (body armour unavailable)
rPois   .          Reflect  .   (helmet unavailable)
rElec   .          Harm     .   (cloak unavailable)
rCorr   .          Rampage  .   (gloves unavailable)
Will    .....      NoTele   +   (boots unavailable)
Stlth   ..........              (no amulet)
HPRegen 0.07/turn               (no ring)
MPRegen 0.09/turn               (no ring)

@: berserking, very quick
A: very small, claws 1, fangs 3, see invisible, speed 1, shaggy fur 1, stealthy
paws, no weapons or thrown items, no armour, multi-lived
a: Renounce Religion


You were in the Dungeon.
You worshipped Wu Jian.
Wu Jian was aware of your devotion.
You visited 1 branch

Inventory:

Scrolls
 g - a scroll of blinking
 i - 5 scrolls of amnesia
 j - a scroll of summoning
Potions
 a - a potion of might
 b - a potion of curing
 c - a potion of heal wounds
 d - a potion of haste
 e - 4 potions of magic
 f - 2 potions of berserk rage
 h - 2 potions of invisibility


   Skills:
 + Level 3.7 Fighting
 + Level 4.9 Dodging
 + Level 2.8 Stealth
 + Level 4.5 Unarmed Combat
 + Level 1.6 Spellcasting


You had 4 spell levels left.
You didn't know any spells.
Your spell library was empty.

Dungeon Overview and Level Annotations

Branches:
Dungeon (1/1)

Altars:
Ashenzari
Cheibriados
Dithmenos
Elyvilon
Fedhas
Gozag
Hepliaklqana
Kikubaaqudgha
Makhleb
Nemelex Xobeh
Okawaru
Qazlal
Ru
Sif Muna
Trog
Uskayaw
Vehumet
Wu Jian
Xom
Yredelemnul
Zin
The Shining One
Jiyva
Lugonu


Innate Abilities, Weirdness & Mutations

You have sharp claws.
You have razor-sharp teeth.
You have supernaturally acute eyesight. (SInv)
You cover ground quickly. (Speed+)
You are covered in fur. (AC +1)
Your paws help you pounce on unaware monsters.
You are incapable of wielding weapons or throwing items.
You cannot wear armour.
You gain extra lives every three experience levels.


Message History

You scratch the river rat but do no damage.
The river rat is lightly wounded.
The river rat bites you!
You closely miss the river rat.
The river rat is lightly wounded.
The river rat bites you.
* * * LOW HITPOINT WARNING * * *
Okay, then.
There is an open door here.
You see here a giant cockroach corpse.
You close the door, pushing everything out of the way.
You start resting.
You start resting.
You start resting.
HP restored.
You start waiting.
You start waiting.
A jackal comes into view.
You lunge at the phantom.
You barely miss the phantom.
The jackal barks!
You bite the phantom.
The phantom is lightly damaged.
The phantom misses you.
There is an open door here.
You claw the phantom!
The phantom is moderately damaged.
The phantom hits you.
You closely miss the phantom.
The phantom is moderately damaged.
The phantom hits you.
Unknown command.
A red film seems to cover your vision as you go berserk!
You feel yourself moving faster!
You feel mighty! The phantom hits you.
* * * LOW HITPOINT WARNING * * *
You scratch the phantom.
The phantom is heavily damaged.
You barely miss the phantom.
The phantom is heavily damaged.
The phantom hits you.
You die...

############
#_________.#
#_________.#
#_______...###########++
##########'##...........
#.?(.')))'.##......#..#
##########.##..........
#...........'...........
#+#####@#####......#..#.
#...#W# #...........
#..)#h# ####'#####+
#...'r# #.......#
##r#### #.......# #.r
#.......# #.. #...<...#
#.. #.......# #..
#.......#


You could see a phantom, a river rat and a jackal.

Vanquished Creatures
  A gnoll (D)
  An endoplasm (D)
  2 giant cockroaches (D)
  A jackal (D)
  A quokka skeleton (D)
6 creatures vanquished.

Notes
Turn   | Place    | Note
-------+----------+-------------------------------------------
     0 | D        | Groucho the Felid Fighter began the quest for the Orb.
     0 | D        | Reached XP level 1. HP: 10/10 MP: 2/2
    12 | D        | Reached skill level 1 in Stealth
    16 | D        | Found a bloodstained altar of Trog.
    16 | D        | Found a shimmering blue altar of Sif Muna.
    16 | D        | Found a viscous altar of Jiyva.
    16 | D        | Found a hazy altar of Hepliaklqana.
    16 | D        | Found an opulent altar of Gozag.
    17 | D        | Found a glowing golden altar of the Shining One.
    17 | D        | Found a glowing silver altar of Zin.
    17 | D        | Found a basalt altar of Yredelemnul.
    17 | D        | Found a shimmering altar of Xom.
    17 | D        | Found an ornate altar of the Wu Jian Council.
    17 | D        | Found a sacrificial altar of Ru.
    17 | D        | Found a stormy altar of Qazlal.
    17 | D        | Found an iron altar of Okawaru.
    17 | D        | Found a sparkling altar of Nemelex Xobeh.
    17 | D        | Found a burning altar of Makhleb.
    17 | D        | Found a blossoming altar of Fedhas.
    17 | D        | Found a white marble altar of Elyvilon.
    17 | D        | Found a shadowy altar of Dithmenos.
    17 | D        | Found a snail-covered altar of Cheibriados.
    19 | D        | Found a radiant altar of Vehumet.
    19 | D        | Found a corrupted altar of Lugonu.
    20 | D        | Found a hide-covered altar of Uskayaw.
    20 | D        | Found an ancient bone altar of Kikubaaqudgha.
    20 | D        | Found a broken altar of Ashenzari.
    26 | D        | Became a worshipper of the Wu Jian Council
    71 | D        | Reached * piety under Wu Jian
    72 | D        | Reached skill level 1 in Spellcasting
    72 | D        | Reached XP level 2. HP: 10/14 MP: 2/5
   547 | D        | Noticed a phantom
   552 | D        | Slain by a phantom

Illustrated notes

Levels and vault maps discovered:
D:        pitsprint [storerooms_1, entrance_room_1, metal_vault_4, armoury_3,
          mini_pit_1, grid_room_1, main_hall_1, silver_pit, the_coven_3,
          the_vestibule_1, steel_vault_2, golden_pit, hallway_of_sentries,
          crystal_vault_3, iron_vault_1, final_vault]

Skill      XL: |  1 |
---------------+----+-----
Stealth        | 2 |  2.8
Spellcasting   | 1 |  1.6
Fighting       | |  3.7
Dodging        | |  4.9
Unarmed Combat | |  4.5

Action                   || total
-------------------------++-------
Melee: Unarmed           ||    24
       Bite              ||     2
Invok: Lunge             ||     1
  Use: Potion            ||     1
 Stab: Sleeping          ||     3
Dodge: Dodged            ||    13
